 Dungeon Crawl Stone Soup version 0.21.1-1-g345015fe64 (webtiles) character file.

5056 PikkenKukken the Blocker (level 10, -17/73 HPs)
             Began as a Formicid Fighter on June 25, 2018.
             Was a Follower of Hepliaklqana.
             Demolished by a red ugly thing (20 damage)
             ... on level 8 of the Dungeon.
             The game lasted 00:23:39 (7725 turns).

PikkenKukken the Blocker (Formicid Fighter)         Turns: 7725, Time: 00:23:40

Health: -17/73     AC: 16    Str: 23    XL:     10   Next: 86%
Magic:  10/10      EV:  8    Int:  8    God:    Hepliaklqana [*.....]
Gold:   535        SH: 16    Dex:  9    Spells: 9/9 levels left

rFire    . . .     SeeInvis +   a - +0 battleaxe
rCold    . . .     Gourm    .   c - +1 shield
rNeg     . . .     Faith    .   k - +0 chain mail
rPois    .         Spirit   .   (helmet unavailable)
rElec    .         Reflect  +   (no cloak)
rCorr    +         Harm     .   (no gloves)
MR       +....                  (no boots)
Stlth    ..........             j - +4 amulet of reflection
HPRegen  0.22/turn              h - +5 ring of protection
MPRegen  0.12/turn              w - ring of resist corrosion

@: no status effects
A: permanent stasis, dig shafts and tunnels, four strong arms, reduced essence,
antennae 3, hooves 1, clumsy 1
a: Dig, Shaft Self, Recall Ancestor, Ancestor Identity, Renounce Religion


You were on level 8 of the Dungeon.
You worshipped Hepliaklqana.
Hepliaklqana was aware of your devotion.
You were hungry.

You visited 1 branch of the dungeon, and saw 8 of its levels.

You collected 535 gold pieces.

Inventory:

Hand Weapons
 a - a +0 battleaxe (weapon)
 b - a +2 hunting sling of flaming
 x - a +0 war axe
Missiles
 m - 187 stones (quivered)
Armour
 c - a +1 shield (worn)
 k - a +0 chain mail (worn)
Jewellery
 h - a +5 ring of protection (left hand)
 j - a +4 amulet of reflection (around neck)
 p - an uncursed amulet of guardian spirit
 u - an uncursed ring of magical power
 v - an uncursed ring of protection from fire
 w - a ring of resist corrosion (right hand)
Wands
 g - a wand of digging (18)
 i - a wand of paralysis (22)
 n - a wand of flame (53)
 y - a wand of random effects (22)
 z - a wand of polymorph (12)
Scrolls
 l - a scroll of enchant weapon
 o - 2 scrolls of magic mapping
 q - 2 scrolls of enchant armour
 D - a scroll of amnesia {unknown}
Potions
 d - 2 potions of curing
 e - 2 potions of agility
 r - a potion of heal wounds
 t - 2 potions of resistance
 A - a potion of brilliance
Books
 s - a book of Conjurations

   Spells                             Type                      Level
   a - Magic Dart                     Conjuration                  1
   b - Searing Ray                    Conjuration                  2
   c - Dazzling Spray                 Conjuration/Hexes            3
   d - Fulminant Prism                Conjuration/Hexes            4
   e - Force Lance                    Conjuration/Translocation    4
   f - Iskenderun's Mystic Blast      Conjuration                  4
 B - a book of Battle

   Spells                             Type                      Level
   a - Infusion                       Charms                       1
   b - Shroud of Golubria             Charms/Translocation         2
   c - Song of Slaying                Charms                       2
   d - Spectral Weapon                Hexes/Charms                 3
   e - Regeneration                   Charms/Necromancy            3
Comestibles
 f - 11 rations


   Skills:
 + Level 8.4 Fighting
 + Level 7.2 Axes
 + Level 6.6(6.7) Slings
 - Level 1.4(4.0) Throwing
 + Level 8.3 Armour
 + Level 9.1 Shields


You had 9 spell levels left.
You didn't know any spells.

Dungeon Overview and Level Annotations

Branches:
Dungeon (8/15)             Temple (0/1) D:7
   Lair: D:8-11

Altars:
Elyvilon
Fedhas
Hepliaklqana
Makhleb
Nemelex Xobeh
Qazlal
Uskayaw
Xom

Shops:
D:6 *

Annotations:
D:6 Jannitor's ghost, novice DsAs


Innate Abilities, Weirdness & Mutations

You cannot be hasted, slowed, berserked, paralysed or teleported.
You can dig through walls and to a lower floor.
Your four strong arms can wield two-handed weapons with a shield.
You have a pair of large antennae on your head. (SInv)
Your life essence is reduced to manifest your ancestor. (-10% HP)
You have large cloven feet.
You are clumsy. (Dex -2)


Message History

You feel sick.
Cuetlachtli hits the killer bee!
The killer bee dies!
You feel sick.
Cuetlachtli completely misses the killer bee.
You feel sick.
You feel sick.
You feel sick. The red ugly thing closely misses you.
You feel sick.
Okay, then.
The red ugly thing gores you.
You are engulfed in flames!!
You feel sick.
You are no longer poisoned.
The red ugly thing gores you.
You are engulfed in flames!!
* * * LOW HITPOINT WARNING * * *
You see here a great mace.
There is an escape hatch in the ceiling here.
The red ugly thing gores you.
* * * LOW HITPOINT WARNING * * *
You are engulfed in flames!!
You die...

#.# ### #.# ### #.#
#.. #R# #.# #.# #.#
### ## #y# #.#
..###.# #.# #.#
##.#.######## #.#
#.# #.........@.#
###.# #.#
#....######u# #.R.#
#)# #.#.## #y###
#.### #.# #.#.#
#y..# #.# #.) #.#.#
###.# #.# ###
#รท#.# ###.### #.#
#.#.# #.....# #.#
##.#.##
####.###.###{#
..####.....###....#
#...{.#


You could see a red ugly thing and 2 killer bees.

Vanquished Creatures
  A two-headed ogre (D:8)
  The ghost of Neverless the Digger, a novice GrEE of Ashenzari (D:5)
  A hippogriff (D:8)
  Sigmund (D:3)
  4 yaks (D:7)
  Edmund (D:6)
  A sky beast (D:7)
  2 ice beasts
  2 phantoms
  An ogre (D:7)
  2 big kobolds (D:8)
  A bullfrog (D:8)
  A scorpion (D:6)
  6 killer bees (D:8)
  4 wights
  2 howler monkeys (D:5)
  A centaur zombie (D:6)
  2 hounds
  2 jellies (D:6)
  An orc priest (D:7)
  2 centaur skeletons
  Terence (D:3)
  Jessica (D:2)
  An iguana (D:7)
  Natasha (twice) (D:4)
  9 worker ants
  A killer bee zombie (D:6)
  3 hound skeletons
  A mummy (D:5)
  Robin (D:3)
  A howler monkey skeleton (D:6)
  A gnoll (D:1)
  7 adders
  5 oozes
  An adder skeleton (D:8)
  2 adder zombies
  5 worms
  2 dart slugs
  A leopard gecko (D:7)
  6 orcs
  10 giant cockroaches
  14 goblins
  9 hobgoblins
  8 jackals
  15 kobolds
  2 quokkas
  3 ball pythons
  7 bats
  3 frilled lizards
  A hobgoblin zombie (D:5)
  A jackal skeleton (D:8)
  A kobold zombie (D:5)
  An orc zombie (D:5)
  A quokka zombie (D:7)
  10 rats
176 creatures vanquished.

Vanquished Creatures (collateral kills)
  2 yaks (D:7)
  A bullfrog (D:7)
  3 killer bees (D:8)
  2 wights (D:7)
  A centaur zombie (D:8)
  A quasit (D:7)
  An orc priest (D:7)
  An orc wizard (D:7)
  A worker ant (D:7)
  2 orcs (D:7)
  2 kobolds (D:8)
  A ball python (D:7)
  A leopard gecko skeleton (D:7)
19 creatures vanquished.

Vanquished Creatures (others)
  2 ancestors
2 creatures vanquished.

Grand Total: 197 creatures vanquished

Notes
Turn   | Place    | Note
-------+----------+-------------------------------------------
     0 | D:1      | PikkenKukken the Formicid Fighter began the quest for the Orb.
     0 | D:1      | Reached XP level 1. HP: 18/18 MP: 1/1
    11 | D:1      | Reached XP level 2. HP: 18/24 MP: 2/2
   156 | D:1      | Reached skill level 4 in Shields
   156 | D:1      | Reached XP level 3. HP: 25/29 MP: 3/3
   843 | D:2      | Reached XP level 4. HP: 11/37 MP: 4/4
  1174 | D:2      | Noticed Jessica
  1180 | D:2      | Killed Jessica
  1180 | D:2      | Reached XP level 5. HP: 35/42 MP: 5/5
  1459 | D:2      | Found a sparkling altar of Nemelex Xobeh.
  1870 | D:3      | Noticed Robin
  1890 | D:3      | Noticed Sigmund
  2358 | D:3      | Found a white marble altar of Elyvilon.
  2454 | D:3      | Killed Sigmund
  2454 | D:3      | Reached skill level 1 in Throwing
  2454 | D:3      | Reached skill level 5 in Shields
  2454 | D:3      | Reached XP level 6. HP: 31/49 MP: 6/6
  2617 | D:3      | Noticed Terence
  2635 | D:3      | Killed Terence
  2656 | D:3      | Found a hide-covered altar of Uskayaw.
  2968 | D:3      | Killed Robin
  2968 | D:3      | Reached XP level 7. HP: 42/55 MP: 7/7
  3586 | D:4      | Gained mutation: You are clumsy. (Dex -2) [potion of mutation]
  3586 | D:4      | Gained mutation: You have large cloven feet. [potion of mutation]
  3738 | D:4      | Reached skill level 5 in Fighting
  3738 | D:4      | Reached skill level 1 in Slings
  4089 | D:4      | Noticed Natasha
  4094 | D:4      | Killed Natasha
  4100 | D:4      | Found a stormy altar of Qazlal.
  4258 | D:4      | Found a blossoming altar of Fedhas.
  4258 | D:4      | Found a shimmering altar of Xom.
  4338 | D:4      | Noticed Natasha
  4351 | D:4      | Killed Natasha
  4351 | D:4      | Reached skill level 5 in Armour
  4574 | D:5      | Entered Level 5 of the Dungeon
  4820 | D:5      | Found a burning altar of Makhleb.
  4875 | D:5      | Reached XP level 8. HP: 62/62 MP: 8/8
  4878 | D:5      | Noticed Neverless's ghost (novice GrEE)
  4902 | D:6      | Noticed Edmund
  4934 | D:6      | Killed Edmund
  4934 | D:6      | Reached skill level 6 in Shields
  5162 | D:6      | Noticed Jannitor's ghost (novice DsAs)
  5217 | D:5      | Killed Neverless's ghost
  5315 | D:5      | Found a hazy altar of Hepliaklqana.
  5343 | D:5      | Became a worshipper of Hepliaklqana the Forgotten
  5465 | D:6      | Reached skill level 5 in Axes
  5549 | D:6      | Found Enel's Elemental Accessories.
  5575 | D:6      | Reached XP level 9. HP: 62/62 MP: 9/9
  5932 | D:7      | Reached skill level 7 in Shields
  6333 | D:7      | Reached * piety under Hepliaklqana
  6359 | D:7      | Reached skill level 5 in Slings
  6454 | D:7      | Reached skill level 8 in Shields
  6454 | D:7      | Reached XP level 10. HP: 47/71 MP: 10/10
  6734 | D:7      | Found a staircase to the Ecumenical Temple.
  7259 | D:8      | Noticed a two-headed ogre
  7290 | D:8      | Killed a two-headed ogre
  7290 | D:8      | Reached skill level 9 in Shields
  7688 | D:8      | Noticed a red ugly thing
  7725 | D:8      | HP: 3/73 [red ugly thing (4)]
  7725 | D:8      | Demolished by a red ugly thing

Skill      XL: |  1  2  3  4  5  6  7  8  9 10 |
---------------+-------------------------------+-----
Shields        | 4 5 6 8 9 |  9.1
Fighting       | 4 5 6 7 8 |  8.4
Armour         | 4 5 6 7 8 |  8.3
Axes           | 3 4 5 6 7 |  7.2
Throwing       | 1 |  1.4
Slings         | 2 3 5 6 |  6.6

Action                   |  1- 3 |  4- 6 |  7- 9 | 10-12 || total
-------------------------+-------+-------+-------+-------++-------
Melee: War axe           |    84 |   181 |   231 |    25 ||   521
       Kick              |       |       |    84 |    31 ||   115
       Battleaxe         |       |       |    88 |   102 ||   190
 Fire: Hunting sling     |       |       |    53 |       ||    53
Invok: Ancestor Identity |       |       |     1 |       ||     1
  Use: Scroll            |     1 |     5 |     9 |     1 ||    16
       Potion            |     1 |     5 |     4 |     3 ||    13
  Eat: Chunk             |       |     7 |     8 |     4 ||    19
       Ration            |       |       |     1 |       ||     1
Armor: Scale mail        |    25 |    44 |       |       ||    69
       Chain mail        |       |    11 |   147 |    64 ||   222
Dodge: Dodged            |    27 |    54 |    73 |    45 ||   199
Block: Shield            |    40 |    99 |   279 |   149 ||   567
       Reflection        |       |       |     2 |     3 ||     5
